 Dungeon Crawl Stone Soup version 0.32-a0-42-ga30500b (webtiles) character file.

Game seed: 9766712678142232550

480 Dorkslayer the Ruffian (level 7, -3/43 (44) HPs)
             Began as an Octopode Shapeshifter on Jan 27, 2024.
             Slain by a gnoll
             ... wielding a +0 spear
              (5 damage)
             ... on level 3 of the Dungeon.
             The game lasted 00:07:59 (1768 turns).

Dorkslayer the Ruffian (Octopode Shapeshifter)      Turns: 1768, Time: 00:08:00

HP:   -3/43 (44)    AC:  1    Str: 15    XL:     7   Next: 11%
MP:   7/7           EV: 13    Int: 12    God:
Gold: 150           SH:  0    Dex: 12    Spells: 6/6 levels left

rFire   . . .        e - +0 flail (venom)
rCold   . . .        (no shield)
rNeg    . . .        (helmet currently unavailable)
rPois   .            (no amulet)
rElec   .            (no ring)
rCorr   .            (no ring)
SInv    .            (no ring)
Will    .....        (no ring)
Stlth   +++          (no ring)
HPRegen 0.27/turn    (no ring)
MPRegen 0.10/turn    (no ring)
                     (no ring)

%: no passive effects
@: beast-form, lightly drained
A: beast (slay +2), almost no armour, amphibious, 8 rings, camouflage 1,
gelatinous body 1, (nimble swimmer 1), tentacles
a: Begin Untransformation


You were on level 3 of the Dungeon.
You were a hulking beast.
You visited 1 branch of the dungeon, and saw 3 of its levels.
You also visited: Sewer.

You collected 150 gold pieces.

Inventory:

Hand Weapons
 e - a +0 flail of venom (weapon)
Talismans
 b - a beast talisman
 c - a flux talisman
Scrolls
 h - a scroll of fog {unknown}
 i - a scroll of enchant armour {unknown}
 k - a scroll of enchant weapon {unknown}
 l - a scroll of teleportation {unknown}
Potions
 a - a potion of lignification
 f - a potion of enlightenment
 j - a potion of mutation {unknown}


   Skills:
 + Level 1.8 Fighting
 + Level 2.3 Maces & Flails
 + Level 2.8 Dodging
 + Level 3.6 Stealth
 + Level 5.5 Unarmed Combat
 + Level 4.0 Shapeshifting


You had 6 spell levels left.
You didn't know any spells.
Your spell library contained the following spells:

 Spells                   Type           Power      Damage    Failure   Level
 Sublimation of Blood     Necr           0%         N/A       45%         2
 Dazzling Flash           Conj/Hex       0%         N/A       69%         3
 Inner Flame              Hex/Fire       0%         N/A       69%         3
 Mephitic Cloud           Conj/Alch/Air  0%         N/A       69%         3
 Flame Wave               Conj/Fire      0%         2d4       97%         4
 Petrify                  Alch/Erth      0%         N/A       97%         4
 Sticky Flame             Fire/Alch      0%         2d4       97%         4
 Curse of Agony           Necr           0%         N/A       100%        5
 Irradiate                Conj/Alch      0%         3d11      100%        5
 Silence                  Hex/Air        0%         N/A       100%        5


Dungeon Overview and Level Annotations

Branches:
Dungeon (3/15)              Sewer (visited)

Altars:

Shops:
D:3 [


Innate Abilities, Weirdness & Mutations

You are a hulking beast.
Your limbs bulge with bestial killing power. (Slay +2)
You cannot wear most types of armour.
You are amphibious.
You can wear up to eight rings at the same time.
Your skin changes colour to match your surroundings (Stealth+).
Your rubbery body absorbs attacks. (AC +1, EV +1)
((You are camouflaged when in or above water. (Stealth+)))
You have tentacles for arms and can constrict up to eight enemies at once.


Message History

2 gnolls come into view.
The gnoll shouts!
You hear a shout!
A gnoll comes into view.
It is wielding a +2 whip of draining and quivering a throwing net.
A gnoll comes into view. It is wielding a +0 spear.
There is an open door here.
The gnoll hits you with a +0 spear. The gnoll misses you.
The gnoll attacks as it pursues you! The gnoll hits you with a +0 club.
There is an open door here.
Blink to where?
Press: ? - help, Dir - move target
As you read the scroll labelled PITYJAD SIUR, it crumbles to dust.
It was a scroll of blinking.
You hit the gnoll.
The gnoll is poisoned.
You grab the gnoll.
The gnoll is moderately wounded.
You constrict the gnoll. The gnoll hits you with a +0 club. x2
You hit the gnoll. You squeeze the gnoll.
You kill the gnoll!
You closely miss the gnoll. Your grab misses the gnoll.
The gnoll barely misses you. The gnoll closely misses you.
The gnoll hits you with a +2 whip of draining!
You feel drained.
You sock the gnoll!
The gnoll looks as sick as possible!
You grab the gnoll. You tentacle-slap the gnoll.
You kill the gnoll!
The gnoll misses you.
The gnoll hits you from afar with a +0 spear!
The gnoll hits you with a +0 spear.
* * * LOW HITPOINT WARNING * * *
Things that are here:
a +2 whip of draining; a throwing net; a +0 club You closely miss the gnoll.
You grab the gnoll. You constrict the gnoll. The gnoll completely misses you.
The gnoll hits you with a +0 spear.
* * * LOW HITPOINT WARNING * * *
It was a potion of cancellation.
You feel magically purged.
You constrict the gnoll.
The gnoll hits you from afar with a +0 spear.
* * * LOW HITPOINT WARNING * * *
The gnoll hits you with a +0 spear.
You die...

#~.~#................
#~~~#.##......#'#....
#~~~#........⌠#'#⌠...
#~~~#.......###'###..
#~~~#.##....'''∩'''..
#...#....#..###'###..
#....(##.#...⌠#'#⌠...
#.########.##...#'#....
#.....hgg..............
#...######.###.....#...
#.. #.###'#.###... #.
#....g........ #
#..........###
#..........#
#..........#
##.........#
..........#


You could see 2 gnolls.

Vanquished Creatures
  Sigmund (D:2)
  Pargi (Sewer)
  2 brain worms (Sewer)
  2 gnolls (D:3)
  An adder (D:2)
  4 orcs (D:2)
  5 ball pythons
  3 endoplasms
  3 giant cockroaches (D:3)
  3 goblins
  5 hobgoblins
  8 jackals (D:2)
  5 kobolds
  5 quokkas
  3 bats
  3 frilled lizards (Sewer)
  5 rats
59 creatures vanquished.

Notes
Turn   | Place    | Note
-------+----------+-------------------------------------------
     0 | D:1      | Dorkslayer the Octopode Shapeshifter began the quest for
                  | the Orb.
     0 | D:1      | Reached XP level 1. HP: 13/13 MP: 1/1
   116 | D:1      | Found a faded altar of an unknown god.
   156 | D:1      | Reached XP level 2. HP: 18/18 MP: 2/2
   640 | D:2      | Reached XP level 3. HP: 19/23 MP: 3/3
   708 | D:2      | Reached skill level 4 in Unarmed Combat
   833 | D:2      | Noticed Sigmund
   848 | D:2      | Killed Sigmund
   849 | D:2      | Reached skill level 1 in Stealth
   849 | D:2      | Reached skill level 5 in Unarmed Combat
   849 | D:2      | Reached XP level 4. HP: 13/28 MP: 4/4
   849 | D:2      | Reached XP level 5. HP: 16/33 MP: 5/5
  1425 | D:3      | Found a glowing drain.
  1442 | D:3      | Reached XP level 6. HP: 26/38 MP: 6/6
  1453 | Sewer    | Entered a sewer
  1520 | Sewer    | Reached skill level 1 in Maces & Flails
  1522 | Sewer    | Noticed Pargi
  1536 | Sewer    | Killed Pargi
  1537 | Sewer    | Reached XP level 7. HP: 30/44 MP: 5/7
  1720 | D:3      | Found Ficuc's Antique Armour Boutique.
  1768 | D:3      | HP: 2/43 [gnoll/+0 spear (3)]
  1768 | D:3      | Slain by a gnoll

Illustrated notes

Levels and vault maps discovered:
D:1:      evilmike_arrival_plus, layout_basic, nicolae_ecumenical_lake_church
D:2:      layout_basic, serial_bayou_pond_a, uniq_sigmund
D:3:      layout_basic, old_standard_altar, portal_sewer_entry_f, serial_shops,
          nicolae_shop_real_fake_doors, minmay_misc_feat_rugged,
          kennysheep_donut

Skill      XL: |  1  2  3  4  5  6 |
---------------+-------------------+-----
Unarmed Combat | 5 |  5.5
Stealth        | 1 3 |  3.6
Maces & Flails | 2 |  2.3
Shapeshifting  | 4 |  4.0
Fighting       | |  1.8
Dodging        | |  2.8

Action                     |  1- 3 |  4- 6 |  7- 9 || total
---------------------------+-------+-------+-------++-------
  Melee: Unarmed           |    55 |       |       ||    55
         Tentacles         |    12 |     9 |     2 ||    23
         Constrict         |    14 |    10 |     4 ||    28
         Flail             |     3 |    44 |     7 ||    54
         Punch             |     1 |     3 |     1 ||     5
    Use: Scroll            |     2 |     1 |     1 ||     4
         Potion            |       |     1 |     1 ||     2
   Stab: Sleeping          |     2 |     6 |       ||     8
 Armour: Skin              |    19 |    25 |    11 ||    55
  Dodge: Dodged            |    28 |    36 |     6 ||    70

Table legend: (Time is in decaauts)
 A = Elapsed time spent in this place.
 B = Non-inter-level travel time spent in this place.
 C = Inter-level travel time spent in this place.
 D = Time resting spent in this place.
 E = Time spent auto-exploring this place.
 F = Levels seen in this place.
 G = Mean time per level.
                   A        B        C        D        E       F      G
               +--------+--------+--------+--------+--------+-----+--------+
         Total |   1783 |   1783 |      0 |     12 |    916 |   4 |  445.8 |
       Dungeon |   1554 |   1554 |      0 |      0 |    863 |   3 |  518.0 |
         Sewer |    228 |    228 |      0 |     12 |     53 |   1 |  228.0 |
               +--------+--------+--------+--------+--------+-----+--------+

Top non-repeatable levels by time:
     D:2: 807 daAuts
     D:1: 590 daAuts
   Sewer: 228 daAuts
     D:3: 156 daAuts
